 Dungeon Crawl Stone Soup version 0.29.1-12-g30fa7ad0bf (webtiles) character file.

Game seed: 496542426279357808

219 Acheron the Trooper (level 5, 0/48 HPs)
             Began as a Minotaur Abyssal Knight on Dec 15, 2022.
             Was a Priest of Lugonu.
             Succumbed to a killer bee's poison
             ... on level 7 of the Dungeon.
             The game lasted 00:10:32 (2486 turns).

Acheron the Trooper (Minotaur Abyssal Knight)       Turns: 2486, Time: 00:10:33

Health: 0/48       AC: 12    Str: 18    XL:     5   Next: 64%
Magic:  5/5        EV: 11    Int:  7    God:    Lugonu [***...]
Gold:   185        SH:  0    Dex: 12    Spells: 4/4 levels left

rFire   + . .      SeeInvis .   a - +1 hand axe
rCold   + . .      Faith    .   (no shield)
rNeg    . . .      Spirit   .   z - +0 ring mail
rPois   +          Reflect  .   (helmet restricted)
rElec   +          Harm     .   (no cloak)
rCorr   +          Rampage  .   y - +0 pair of gloves
Will    .....                   B - +0 pair of boots
Stlth   +.........              (no amulet)
HPRegen 0.16/turn               w - +4 ring of protection
MPRegen 0.09/turn               (no ring)

@: lethally poisoned (0 -> -1), resistant, hasted, very quick
A: horns 2, retaliatory headbutt
a: Renounce Religion, Depart the Abyss, Bend Space, Banish


You were on level 7 of the Dungeon.
You worshipped Lugonu.
Lugonu was most pleased with you.
You visited 2 branches of the dungeon, and saw 8 of its levels.
You visited the Abyss 1 time.

You collected 185 gold pieces.

Inventory:

Hand Weapons
 a - a +1 hand axe (weapon)
 e - a +1 dagger of electrocution
 A - a +2 short sword of speed
Missiles
 x - 2 throwing nets
Armour
 b - a +0 leather armour
 y - a +0 pair of gloves (worn)
 z - a +0 ring mail (worn)
 B - a +0 pair of boots (worn)
Jewellery
 h - a ring of magical power
 l - a ring of wizardry
 w - a +4 ring of protection (left hand)
Scrolls
 f - a scroll of teleportation
 o - 2 scrolls of enchant weapon {unknown}
Potions
 c - a potion of lignification {unknown}
 d - a potion of cancellation
 i - a potion of haste
 j - a potion of invisibility {unknown}
 k - a potion of heal wounds {unknown}
 p - a potion of might {unknown}
 q - a potion of mutation {unknown}
 s - 2 potions of attraction
 t - 2 potions of ambrosia
 u - a potion of resistance
 v - a potion of flight {unknown}


   Skills:
 + Level 5.5 Fighting
 + Level 4.2 Axes
 + Level 3.7 Armour
 + Level 2.1 Dodging
 + Level 0.5 Stealth
 + Level 2.0 Invocations


You had 4 spell levels left.
You didn't know any spells.
Your spell library contained the following spells:

 Spells                   Type           Power      Damage    Failure   Level
 Ozocubu's Armour         Ice            0%         N/A       94%         3
 Ozocubu's Refrigeration  Ice            0%         4d7       100%        7


Dungeon Overview and Level Annotations

Branches:
Dungeon (7/15)             Temple (1/1) D:5

Altars:
Ashenzari
Dithmenos
Gozag
Kikubaaqudgha
Makhleb
Okawaru
Trog
Uskayaw
Wu Jian
Yredelemnul
Zin
The Shining One
Lugonu

Annotations:
D:5 exclusion: downstairs, Sigmund


Innate Abilities, Weirdness & Mutations

You have a pair of horns on your head.
You reflexively headbutt those who attack you in melee.


Message History

You feel yourself speed up.
You feel very sick.
The killer bee stings you but does no damage.
The killer bee barely misses you.
You hit the killer bee. You headbutt the killer bee.
The killer bee is heavily wounded.
You feel sick. The killer bee stings you.
You slash the killer bee! Your headbutt misses the killer bee.
The killer bee is almost dead.
You feel sick.
The killer bee stings you but does no damage.
You miss the killer bee.
The killer bee is almost dead.
You feel sick. The killer bee stings you.
* * * LOW HITPOINT WARNING * * *
The killer bee stings you but does no damage.
You hit the killer bee.
You kill the killer bee!
Lugonu accepts your kill.
You feel sick.
Your Axes skill increases to level 4!
Your Dodging skill increases to level 2!
You miss the killer bee. Your headbutt misses the killer bee.
The killer bee misses you.
You miss the killer bee. Your punch misses the killer bee.
You feel sick. The killer bee stings you.
* * * LOW HITPOINT WARNING * * *
The killer bee stings you.
* * * LOW HITPOINT WARNING * * *
You barely miss the killer bee.
* * * LOW HITPOINT WARNING * * *
You feel sick.
The killer bee stings you but does no damage.
You closely miss the killer bee. Your headbutt misses the killer bee.
The killer bee stings you but does no damage. x2
You hit the killer bee but do no damage.
* * * LOW HITPOINT WARNING * * *
You feel sick. The killer bee barely misses you.
You feel protected.
You die...

#.<...
##.....
.....#
#)...#
....# .y.#
#yy# #y#
###@##
#....#
#....#
#...)####..
#..<......#
#.)..######
#....#
#....#
######


You could see 4 killer bees.

Vanquished Creatures
  2 killer bees (D:7)
  A howler monkey (D:4)
  An iguana (D:5)
  An adder (D:5)
  2 worms (D:2)
  4 orcs
  5 ball pythons
  4 endoplasms
  A giant cockroach (D:3)
  8 goblins
  3 hobgoblins
  5 kobolds
  2 quokkas
  10 bats
  3 frilled lizards
  4 rats
56 creatures vanquished.

Notes
Turn   | Place    | Note
-------+----------+-------------------------------------------
     0 | Abyss:1  | Acheron the Minotaur Abyssal Knight began the quest for the
                  | Orb.
     0 | Abyss:1  | Reached XP level 1. HP: 19/19 MP: 1/1
    46 | Abyss:2  | Noticed a neqoxec
    48 | D:1      | Escaped the Abyss
   142 | D:1      | Reached skill level 4 in Fighting
   160 | D:1      | Reached XP level 2. HP: 23/27 MP: 2/2
   520 | D:1      | Reached XP level 3. HP: 32/34 MP: 3/3
  1564 | D:4      | Reached skill level 5 in Fighting
  1604 | D:4      | Reached XP level 4. HP: 32/42 MP: 4/4
  1612 | D:4      | Reached *** piety under Lugonu
  1634 | D:5      | Entered Level 5 of the Dungeon
  1686 | D:5      | Found a staircase to the Ecumenical Temple.
  1695 | Temple   | Entered the Ecumenical Temple
  1841 | D:6      | Noticed a water moccasin
  1841 | D:6      | Noticed an orc warrior
  1999 | D:5      | Found a bloodstained altar of Trog.
  2001 | D:5      | Noticed Sigmund
  2004 | D:5      | Noticed a scorpion
  2211 | D:5      | Found an opulent altar of Gozag.
  2226 | D:5      | Noticed a black bear
  2244 | D:5      | Found an iron altar of Okawaru.
  2473 | D:7      | Reached XP level 5. HP: 27/48 MP: 5/5
  2482 | D:7      | HP: 2/48 [killer bee (6)]
  2486 | D:7      | Succumbed to a killer bee's poison

Illustrated notes

Levels and vault maps discovered:
D:1:      tarquinn_simple_flora_water_f, layout_rooms, supply_closet_lemuel,
          chequers_serial_rivers_small_a, minmay_unequal
D:2:      layout_basic, amcnicky_mini_pool_small
D:3:      cheibrodos_greedy_goblins, layout_basic, kennysheep_orc_sif_temple,
          nemelex_xobeh_ov_fountains_minmay, minmay_misc_feat_rugged
D:4:      minmay_angry_zag, layout_rooms, minmay_box_of_dots
D:5:      layout_basic, old_standard_altar, mainiacjoe_overflow_boulevard,
          grunt_gozag_statues, minmay_temple_entry_mist, uniq_sigmund
D:6:      layout_cave_pods, nicolae_elyvilon_temple_path, uniq_edmund
D:7:      layout_rooms, lemuel_round_altar, uniq_crazy_yiuf_cottage, uniq_pikel
Temple:   kb_corrupted_temple

Skill      XL: |  1  2  3  4  5 |
---------------+----------------+-----
Fighting       | 4 5 |  5.5
Invocations    | 2 |  2.0
Axes           | 3 4 |  4.2
Armour         | 3 |  3.7
Dodging        | 2 |  2.1
Stealth        | |  0.5

Action                   |  1- 3 |  4- 6 || total
-------------------------+-------+-------++-------
Melee: Hand axe          |    94 |    36 ||   130
       Headbutt          |    10 |     2 ||    12
       Punch             |     2 |       ||     2
Invok: Depart the Abyss  |     1 |       ||     1
  Use: Scroll            |       |     8 ||     8
       Potion            |       |     4 ||     4
Armor: Leather armour    |    19 |       ||    19
       Ring mail         |     4 |    17 ||    21
Dodge: Dodged            |    63 |    42 ||   105
